 Dungeon Crawl Stone Soup version 0.21.1-1-g345015f (webtiles) character file.

133 inc the Scratcher (level 4, 19/19 HPs)
             Began as a Felid Transmuter on Feb 25, 2018.
             Was an Initiate of Wu Jian.
             Quit the game on level 3 of the Dungeon.
             The game lasted 00:10:34 (3835 turns).

inc the Scratcher (Felid Transmuter)                Turns: 3835, Time: 00:10:35

Health: 19/19      AC:  1    Str:  4    XL:     4   Next: 94%
Magic:  8/8        EV: 18    Int: 15    God:    Wu Jian [......]
Gold:   195        SH:  0    Dex: 17    Spells: 2/7 levels left
                                        Lives:  0   Deaths: 1

rFire    . . .     SeeInvis +     - Unarmed
rCold    . . .     Gourm    .   (shield unavailable)
rNeg     . . .     Faith    .   (armour unavailable)
rPois    .         Spirit   .   (helmet unavailable)
rElec    .         Reflect  .   (cloak unavailable)
rCorr    .         Harm     .   (gloves unavailable)
MR       .....                  (boots unavailable)
Stlth    +++.......             m - amulet of regeneration
HPRegen  0.46/turn              (no ring)
MPRegen  0.11/turn              (no ring)

@: quick
A: very small, no armour, no weapons or thrown items, stealth, claws 1, fangs 3,
see invisible, blink, carnivore, speed 1, high mp 1, shaggy fur 1, slow
metabolism 1, weak 1, sharp paws
a: Blink, Renounce Religion


You were on level 3 of the Dungeon.
You worshipped Wu Jian.
Wu Jian was noncommittal.
You were not hungry.

You visited 1 branch of the dungeon, and saw 4 of its levels.
You also visited: Sewer.

You collected 195 gold pieces.

Inventory:

Missiles
 a - 19 arrows
Jewellery
 m - an amulet of regeneration (around neck)
Scrolls
 d - 2 scrolls of teleportation
 e - 2 scrolls of identify {unknown}
 g - a scroll of enchant weapon {unknown}
 i - 3 scrolls of amnesia
 p - a scroll of remove curse {unknown}
 q - a scroll of fog {unknown}
Potions
 f - a potion of flight {unknown}
 h - a potion of agility {unknown}
 l - a potion of resistance {unknown}
 n - a potion of degeneration
 o - a potion of lignification {unknown}
Books
 b - a book of Changes

   Spells                             Type                      Level
   a - Beastly Appendage              Transmutation                1
   b - Sticks to Snakes               Transmutation                2
   c - Spider Form                    Transmutation/Poison         3
   d - Ice Form                       Ice/Transmutation            4
   e - Blade Hands                    Transmutation                5
Comestibles
 c - 3 rations


   Skills:
 - Level 1.0 Fighting
 - Level 2.6 Dodging
 - Level 3.5 Stealth
 + Level 4.3 Unarmed Combat
 - Level 2.0 Spellcasting
 - Level 4.1 Transmutations
 - Level 2.1 Poison Magic


You had 2 spell levels left.
You knew the following spells:

 Your Spells              Type           Power        Failure   Level  Hunger
b - Sticks to Snakes      Tmut           ##......     6%          2    ###....
c - Spider Form           Tmut/Pois      ##........   19%         3    ###....


Dungeon Overview and Level Annotations

Branches:
Dungeon (4/15)
 Temple: D:4-7

Altars:
Ashenzari
Dithmenos
Wu Jian


Innate Abilities, Weirdness & Mutations

You cannot wear armour.
You are incapable of wielding weapons or throwing items.
Your paws allow you to move quietly. (Stealth)
You have sharp claws.
You have razor-sharp teeth.
You have supernaturally acute eyesight. (SInv)
You are carnivorous and can eat meat at any time.
You cover ground quickly.
You are covered in fur. (AC +1)
You have a slow metabolism.
Your sharp claws are effective at attacking unaware monsters.
You can translocate small distances at will.
You have an increased reservoir of magic. (+10% MP)
You are weak. (Str -2)


Message History

* * * LOW HITPOINT WARNING * * *
You feel sick.
Your ball python barely misses the giant cockroach.
Your ball python constricts the giant cockroach.
The adder bites your ball python.
Your ball python dies!
The giant cockroach barely misses you.
It was a potion of mutation.
You feel extremely strange.
You feel jittery.
You feel weaker.
You feel more energetic.
Your surroundings suddenly seem different.
* * * LOW HITPOINT WARNING * * *
You feel sick.
It was a potion of haste.
You feel yourself speed up.
You die...
Your shape twists and changes as you die.
You feel sick.
You are now level 4!
Your transformation has ended.
You rejoin the land of the living...
Are you sure you want to abandon this character and quit the game? (Confirm with "yes".)

_'...# #..#.#.####
'###.# #..#.# .#
#.## #..#.#
.###..#######..#.#
...............#.#
......##########.#
####### #.# #.#
#@# #.# #.. ####


There were no monsters in sight!

Vanquished Creatures
  5 adders
  2 river rats (D:3)
  A worm (D:2)
  4 dart slugs (D:1)
  5 leopard geckos
  An orc (D:3)
  3 ball pythons
  7 bats
  4 giant cockroaches
  4 goblins
  5 hobgoblins
  7 jackals
  9 kobolds
  A quokka (D:3)
  3 frilled lizards
  6 rats
67 creatures vanquished.

Vanquished Creatures (collateral kills)
  Purgy (Sewer)
  An orc wizard (D:3)
  An adder (D:3)
  2 worms
  A leopard gecko (D:3)
  2 orcs (D:3)
  A hobgoblin (D:3)
  2 jackals (D:3)
11 creatures vanquished.

Grand Total: 78 creatures vanquished

Notes
Turn   | Place    | Note
-------+----------+-------------------------------------------
     0 | D:1      | inc the Felid Transmuter began the quest for the Orb.
     0 | D:1      | Reached XP level 1. HP: 9/9 MP: 4/4
   333 | D:1      | Reached XP level 2. HP: 5/12 MP: 6/6
   932 | D:1      | Reached skill level 1 in Stealth
   968 | D:1      | Reached XP level 3. HP: 15/15 MP: 7/7
  1719 | D:2      | Found a shadowy altar of Dithmenos.
  2126 | D:2      | Found a shattered altar of Ashenzari.
  2157 | D:2      | Learned a level 2 spell: Sticks to Snakes
  2161 | D:2      | Learned a level 3 spell: Spider Form
  2352 | D:2      | Reached XP level 4. HP: 16/19 MP: 6/8
  3193 | D:3      | Found an ornate altar of the Wu Jian Council.
  3209 | D:3      | Became a worshipper of the Wu Jian Council
  3369 | D:3      | Reached XP level 5. HP: 7/22 MP: 5/9
  3416 | D:3      | Found a glowing drain.
  3420 | Sewer    | Entered a sewer
  3478 | Sewer    | Noticed Purgy
  3490 | Sewer    | Killed Purgy
  3833 | D:3      | Gained mutation: You can translocate small distances at will. [potion of mutation]
  3833 | D:3      | Gained mutation: You are weak. (Str -2) [potion of mutation]
  3833 | D:3      | Gained mutation: You have an increased reservoir of magic. (+10% MP) [potion of mutation]
  3833 | D:3      | HP: 1/22 [poisoned by an adder]
  3834 | D:3      | Succumbed to an adder's poison
  3835 | D:3      | Reached XP level 4. HP: 0/19 MP: 2/8
  3835 | D:3      | Quit the game

Skill      XL: |  1  2  3  4  5 |
---------------+----------------+-----
Unarmed Combat | 4 |  4.3
Stealth        | 1 3 |  3.5
Transmutations | 4 |  4.1
Poison Magic   | 2 |  2.1
Fighting       | |  1.0
Dodging        | |  2.6
Spellcasting   | |  2.0

Action                   |  1- 3 |  4- 6 || total
-------------------------+-------+-------++-------
Melee: Unarmed           |   143 |    95 ||   238
       Bite              |    10 |     7 ||    17
       Headbutt          |     1 |    11 ||    12
       Punch             |     1 |       ||     1
 Cast: Sticks to Snakes  |     2 |    20 ||    22
       Beastly Appendage |     2 |     9 ||    11
       Spider Form       |       |     3 ||     3
  Use: Potion            |       |     3 ||     3
       Scroll            |       |     2 ||     2
 Stab: Sleeping          |     5 |     3 ||     8
  Eat: Chunk             |     1 |     8 ||     9
Armor: Skin              |     8 |     2 ||    10
Dodge: Dodged            |   108 |    92 ||   200
